 Dungeon Crawl Stone Soup version 0.23.2-1-ga50397a6bc (webtiles) character file.

Game seed: 9243207003000386449

1577 Peloso the Slasher (level 8, 0/70 HPs)
             Began as a Minotaur Fighter on May 6, 2019.
             Slain by Harold
             ... wielding a +5 dire flail of holy wrath
              (8 damage)
             ... on level 7 of the Dungeon.
             The game lasted 00:15:30 (5329 turns).

Peloso the Slasher (Minotaur Fighter)               Turns: 5329, Time: 00:15:31

Health: 0/70       AC: 18    Str: 22    XL:     8   Next: 60%
Magic:  7/7        EV:  5    Int:  1    God:
Gold:   261        SH: 11    Dex: 11    Spells: 7/7 levels left

rFire    . . .     SeeInvis .   b - +2 rapier "Abises" {vamp, +Rage rN+ MR++ Int-4}
rCold    . . .     Gourm    .   c - +0 shield
rNeg     + . .     Faith    .   y - +0 plate armour
rPois    +         Spirit   .   (helmet restricted)
rElec    .         Reflect  .   B - +0 cloak (curse)
rCorr    +         Harm     .   v - +1 pair of gloves
MR       ++...                  E - +1 pair of boots
Stlth    ..........             (no amulet)
HPRegen  0.21/turn              g - ring of resist corrosion
MPRegen  0.10/turn              l - ring of poison resistance

@: marked
A: retaliatory headbutt, horns 2
a: Evoke Berserk Rage


You were on level 7 of the Dungeon.
You were not hungry.

You visited 2 branches of the dungeon, and saw 7 of its levels.
You also visited: Sewer.

You collected 261 gold pieces.

Inventory:

Hand Weapons
 a - a +0 long sword
 b - the +2 rapier "Abises" (weapon) {vamp, +Rage rN+ MR++ Int-4}
   (You found it on level 5 of the Dungeon)

   It inflicts no extra harm, but heals its wielder when it wounds a living foe.
   It affects your intelligence (-4).
   It protects you from negative energy.
   It affects your resistance to hostile enchantments.
   It lets you go berserk.
 z - a cursed -2 mace
Missiles
 h - 57 bolts
Armour
 c - a +0 shield (worn)
 j - a +0 chain mail
 v - a +1 pair of gloves (worn)
 y - a +0 plate armour (worn)
 B - a cursed +0 cloak (worn)
 E - a +1 pair of boots (worn)
Jewellery
 g - a ring of resist corrosion (left hand)
 i - an uncursed ring of see invisible
 l - a ring of poison resistance (right hand)
 u - a +3 ring of intelligence
Wands
 t - a wand of acid (4)
 F - a wand of paralysis (7)
Scrolls
 e - 3 scrolls of remove curse {unknown}
 o - 3 scrolls of teleportation {unknown}
 p - 2 scrolls of fog {unknown}
 q - 2 scrolls of blinking {unknown}
 D - a scroll of identify
 G - a scroll of amnesia {unknown}
 I - a scroll of acquirement {unknown}
Potions
 d - 4 potions of might
 k - 2 potions of heal wounds {unknown}
 m - 5 potions of curing
 n - a potion of cancellation
 r - a potion of haste {unknown}
 s - a potion of ambrosia {unknown}
 w - a potion of brilliance {unknown}
 x - a potion of flight {unknown}
 A - a potion of experience {unknown}
 C - 3 potions of mutation {unknown}
Comestibles
 f - 2 rations
 H - a chunk of flesh


   Skills:
 + Level 6.0 Fighting
 + Level 2.6(5.1) Short Blades
 + Level 7.5(7.8) Long Blades
 + Level 6.7 Armour
 + Level 1.8 Dodging
 + Level 0.7 Stealth
 + Level 7.2 Shields
 + Level 1.0 Evocations


You had 7 spell levels left.
You didn't know any spells.
Your spell library was empty.

Dungeon Overview and Level Annotations

Branches:
Dungeon (5/15)             Temple (1/1) D:4

Altars:
Ashenzari
Dithmenos
Elyvilon
Fedhas
Gozag
Hepliaklqana
Kikubaaqudgha
Makhleb
Nemelex Xobeh
Qazlal
Trog
Vehumet
Wu Jian
Xom
Yredelemnul

Annotations:
D:7 Harold


Innate Abilities, Weirdness & Mutations

You reflexively headbutt those who attack you in melee.
You have a pair of horns on your head.


Message History

Harold is severely wounded.
You barely miss Harold. You headbutt Harold.
Harold is severely wounded.
Harold gestures at you while chanting.
You barely resist.
Harold pauses a moment, imagining something with a smile on his face.
Harold hits you with a +5 dire flail of holy wrath!
You hit Harold but do no damage. Your headbutt misses Harold.
Harold is severely wounded.
Harold hits you with a +5 dire flail of holy wrath!
You hit Harold.
You feel better.
Harold is almost dead.
You hit Harold.
You feel better.
Harold is almost dead.
Harold hits you with a +5 dire flail of holy wrath!!
* * * LOW HITPOINT WARNING * * *
Your shield and plate armour prevent you from hitting Harold.
Harold is almost dead.
Harold hits you with a +5 dire flail of holy wrath!
You die...

#......# ......#
########..._..
##..)......... ##
......#....$... #
#.###.#.##.#.###.##
####.##....##........##8
#....รท..#.......@@...##.
#.#.[..###....#####..#_[
#.......#..##.# ##.
##.########...# 8 ##.#
+..## ...# #.## .### ###
.# .#


You could see Harold.

Vanquished Creatures
  Grinder (Sewer)
  Duvessa (D:4)
  A phantom (D:4)
  An ice beast (D:7)
  3 ogres (D:4)
  2 big kobolds (Sewer)
  Dowan (D:4)
  A howler monkey (D:7)
  A quasit (Sewer)
  A hound (D:3)
  An iguana (D:7)
  A bullfrog skeleton (D:4)
  6 orc wizards
  2 big kobold zombies (Sewer)
  4 gnolls (D:3)
  2 river rats (D:5)
  4 adders
  4 shadow imps
  2 ufetubi (Sewer)
  5 oozes
  2 adder skeletons
  An adder zombie (Sewer)
  8 worms
  3 dart slugs
  3 leopard geckos
  15 orcs
  9 giant cockroaches
  4 goblins (D:1)
  6 hobgoblins
  7 jackals
  A quokka (D:4)
  3 bats
  6 frilled lizards
  25 kobolds
  7 rats
144 creatures vanquished.

Notes
Turn   | Place    | Note
-------+----------+-------------------------------------------
     0 | D:1      | Peloso the Minotaur Fighter began the quest for the Orb.
     0 | D:1      | Reached XP level 1. HP: 19/19 MP: 0/0
    89 | D:1      | Reached XP level 2. HP: 27/27 MP: 1/1
   868 | D:2      | Reached XP level 3. HP: 30/33 MP: 2/2
  1249 | D:3      | Reached XP level 4. HP: 35/40 MP: 3/3
  1997 | D:3      | Reached XP level 5. HP: 30/46 MP: 4/4
  2180 | D:2      | Found a shadowy altar of Dithmenos.
  2545 | D:3      | Found a white marble altar of Elyvilon.
  2637 | D:4      | Noticed an ogre
  2653 | D:4      | Killed an ogre
  2653 | D:4      | Reached skill level 5 in Armour
  2653 | D:4      | Reached skill level 1 in Dodging
  2869 | D:3      | Reached XP level 6. HP: 32/53 MP: 5/5
  3048 | D:4      | Reached skill level 5 in Long Blades
  3048 | D:4      | Reached skill level 5 in Shields
  3255 | D:4      | Reached XP level 7. HP: 38/60 MP: 6/6
  3294 | D:4      | Noticed Duvessa
  3295 | D:4      | Noticed Dowan
  3298 | D:4      | Killed Duvessa
  3298 | D:4      | Reached skill level 5 in Fighting
  3304 | D:4      | Killed Dowan
  3364 | D:4      | Found a staircase to the Ecumenical Temple.
  3428 | Temple   | Entered the Ecumenical Temple
  3685 | D:4      | Reached skill level 1 in Evocations
  4145 | D:5      | Entered Level 5 of the Dungeon
  4297 | D:5      | Found a stormy altar of Qazlal.
  4343 | D:5      | Got an ichor-stained rapier
  4485 | D:5      | Found a glowing drain.
  4494 | Sewer    | Entered a sewer
  4589 | Sewer    | Reached XP level 8. HP: 40/69 MP: 7/7
  4654 | Sewer    | Found a burning altar of Makhleb.
  4772 | Sewer    | Identified the +2 rapier "Abises" {vamp, +Rage rN+ MR++
                  | Int-4} (You found it on level 5 of the Dungeon)
  4922 | Sewer    | Noticed Grinder
  4937 | Sewer    | Killed Grinder
  4937 | Sewer    | Reached skill level 1 in Short Blades
  5192 | D:5      | You fall through a shaft for 2 floors!
  5271 | D:7      | Found a stormy altar of Qazlal.
  5309 | D:7      | Noticed Harold
  5312 | D:7      | Found a hazy altar of Hepliaklqana.
  5329 | D:7      | Slain by Harold

Skill      XL: |  1  2  3  4  5  6  7  8 |
---------------+-------------------------+-----
Armour         | 4 5 6 |  6.7
Long Blades    | 3 4 6 7 |  7.5
Shields        | 4 5 6 7 |  7.2
Fighting       | 4 5 6 |  6.0
Dodging        | 1 |  1.8
Evocations     | 1 |  1.0
Short Blades   | 2 |  2.6
Stealth        | |  0.7

Action                   |  1- 3 |  4- 6 |  7- 9 || total
-------------------------+-------+-------+-------++-------
Melee: Long sword        |    69 |   160 |   201 ||   430
       Headbutt          |    15 |    27 |    54 ||    96
       Rapier            |       |       |    91 ||    91
Evoke: Wand              |       |     2 |     4 ||     6
  Use: Scroll            |       |       |     7 ||     7
  Eat: Chunk             |       |     7 |     6 ||    13
       Ration            |       |       |     2 ||     2
Armor: Scale mail        |    12 |       |       ||    12
       Chain mail        |    19 |    89 |       ||   108
       Plate armour      |       |    11 |   185 ||   196
Dodge: Dodged            |     8 |    34 |    69 ||   111
Block: Shield            |    25 |    84 |   147 ||   256
       Rpst.: Long sword |       |    10 |    15 ||    25
